 Dungeon Sprint DCSS version 0.29-a0-359-g541a27f54d (webtiles) character file.

Game seed: 438989791161219687

8523 Zeldest the Brawler (level 11, 0/124 HPs)
             Began as a Troll Monk on Apr 27, 2022.
             Was a Priest of Jiyva.
             Slain by Sonja
             ... wielding a +2 short sword of venom
              (6 damage)
             ... in the Dungeon (Sprint IX: "|||||||||||||||||||||||||||||").
             The game lasted 00:03:01 (468 turns).

Zeldest the Brawler (Troll Monk)                     Turns: 468, Time: 00:03:01

Health: 0/124      AC:  4    Str: 25    XL:     11   Next: 11%
Magic:  10/10      EV: 16    Int:  6    God:    Jiyva [***...]
Gold:   47         SH:  0    Dex: 15    Spells: 10/10 levels left

rFire   . . .      SeeInvis .     - Unarmed
rCold   . . .      Faith    .   (no shield)
rNeg    . . .      Spirit   .   a - +0 robe
rPois   .          Reflect  .   (helmet restricted)
rElec   .          Harm     .   (no cloak)
rCorr   +          Rampage  .   (gloves unavailable)
Will    .....      NoTele   +   (boots unavailable)
Stlth   ++........              (no amulet)
HPRegen 2.22/turn               l - +3 ring of dexterity
MPRegen 0.47/turn               (no ring)

@: lethally poisoned (0 -> -46), slowed, very slow
A: large, unfitting armour, claws 3, regeneration 1, shaggy fur 1, tough skin 1
a: Renounce Religion, Oozemancy


You were in the Dungeon.
You worshipped Jiyva.
Jiyva was most pleased with you.
You visited 1 branch You collected 47 gold pieces.

Inventory:

Armour
 a - a +0 robe (worn)
Jewellery
 l - a +3 ring of dexterity (left claw)
Scrolls
 h - 4 scrolls of blinking
 j - 2 scrolls of amnesia
 k - a scroll of fog
 m - a scroll of identify
Potions
 b - a potion of ambrosia
 c - 4 potions of curing
 d - 2 potions of heal wounds
 e - 2 potions of haste
 f - 4 potions of magic
 g - 2 potions of berserk rage
 i - a potion of lignification


   Skills:
 + Level 12.5 Fighting
 + Level 12.5 Dodging
 - Level 3.5 Stealth
 + Level 17.5 Unarmed Combat


You had 10 spell levels left.
You didn't know any spells.
Your spell library was empty.

Dungeon Overview and Level Annotations

Branches:
Dungeon (1/1)

Altars:
Cheibriados
Dithmenos
Elyvilon
Fedhas
Gozag
Hepliaklqana
Kikubaaqudgha
Makhleb
Nemelex Xobeh
Okawaru
Qazlal
Ru
Sif Muna
Trog
Uskayaw
Vehumet
Wu Jian
Xom
Yredelemnul
Zin
The Shining One
Beogh
Jiyva
Lugonu

Annotations:
D Sonja


Innate Abilities, Weirdness & Mutations

You are too large for most types of armour.
You have claws for hands.
Your natural rate of healing is unusually fast.
You are covered in fur. (AC +1)
You have tough skin. (AC +1)


Message History

You are more poisoned.
Sonja hits you with a +2 short sword of venom.
* * * LOW HITPOINT WARNING * * *
You are more poisoned.
Sonja closely misses you. Sonja completely misses you. Sonja barely misses you.
Sonja closely misses you.
Sonja shouts, "Too slow!"
Sonja hits you with a +2 short sword of venom.
* * * LOW HITPOINT WARNING * * *
You are lethally poisoned!
Sonja misses you. Sonja barely misses you.
You feel much better.
* * * LOW HITPOINT WARNING * * *
You feel extremely sick. Sonja misses you. Sonja hits you but does no damage.
You are more poisoned.
Sonja hits you with a +2 short sword of venom.
* * * LOW HITPOINT WARNING * * *
You are more poisoned.
Sonja hits you with a +2 short sword of venom!
* * * LOW HITPOINT WARNING * * *
You are more poisoned.
Sonja hits you with a +2 short sword of venom!
* * * LOW HITPOINT WARNING * * *
Sonja hits you with a +2 short sword of venom.
* * * LOW HITPOINT WARNING * * *
You feel much better.
* * * LOW HITPOINT WARNING * * *
You feel extremely sick. Sonja barely misses you. Sonja completely misses you.
Sonja hits you with a +2 short sword of venom.
* * * LOW HITPOINT WARNING * * *
You are more poisoned.
Sonja hits you with a +2 short sword of venom.
* * * LOW HITPOINT WARNING * * *
Sonja hits you with a +2 short sword of venom.
* * * LOW HITPOINT WARNING * * *
You are more poisoned.
Sonja hits you with a +2 short sword of venom.
You die...

▓▓▓▓▓▓▓▓▓▓▓▓▓▓▓▓▓▓▓▓▓▓▓▓▓▓▓▓▓▓▓▓▓
)'..†.†)'.=[[[.)..'______________
▓▓▓▓▓▓▓▓▓▓▓▓▓▓▓▓▓▓▓▓▓▓▓▓▓▓▓▓▓▓▓▓▓
.................................
▓▓▓▓▓▓▓▓▓▓▓▓▓▓▓▓▓▓▓▓▓▓▓▓▓▓▓▓▓▓▓▓▓
[[[..'.)........†††...†....†'....
▓▓▓▓▓▓▓▓▓▓▓▓▓▓▓▓▓▓▓▓▓▓▓▓▓▓▓▓▓▓▓▓▓
................@K......
▓▓▓▓▓▓▓▓▓▓▓▓▓▓▓▓▓▓▓▓▓▓▓▓


You could see Sonja.

Vanquished Creatures
  A hydra (D)
  A centaur warrior (D)
  A death knight (D)
  A fire crab (D)
  An ugly thing (D)
  2 black mambas (D)
  3 cane toads (D)
  A komodo dragon (D)
  A troll (D)
  7 polar bears (D)
  3 blink frogs (D)
  2 wyverns (D)
  5 yaks (D)
  A basilisk (D)
  An acid dragon (D)
  A black bear (D)
  A phantom (D)
  4 bullfrogs (D)
  2 howler monkeys (D)
  2 hounds (D)
  An orc wizard (D)
  An adder (D)
  A quokka (D)
  2 bats (D)
  2 frilled lizards (D)
48 creatures vanquished.

Vanquished Creatures (others)
  2 great orbs of eyes (D)
  A two-headed ogre (shapeshifter) (D)
  A jelly (D)
4 creatures vanquished.

Grand Total: 52 creatures vanquished

Notes
Turn   | Place    | Note
-------+----------+-------------------------------------------
     0 | D        | Zeldest the Troll Monk began the quest for the Orb.
     0 | D        | Reached XP level 1. HP: 22/22 MP: 0/0
    14 | D        | Banished a spatial maelstrom
    22 | D        | Noticed a hound
    22 | D        | Noticed a hound
    22 | D        | Noticed a howler monkey
    22 | D        | Noticed a phantom
    35 | D        | Killed a phantom
    36 | D        | Reached skill level 5 in Unarmed Combat
    36 | D        | Reached XP level 2. HP: 32/32 MP: 1/1
    36 | D        | Reached XP level 3. HP: 39/39 MP: 2/2
    36 | D        | Reached XP level 4. HP: 48/48 MP: 3/3
    44 | D        | Reached XP level 5. HP: 53/55 MP: 4/4
    54 | D        | Reached skill level 5 in Fighting
    54 | D        | Reached skill level 5 in Dodging
    54 | D        | Reached skill level 6 in Unarmed Combat
    60 | D        | Found a snail-covered altar of Cheibriados.
    60 | D        | Found a shadowy altar of Dithmenos.
    60 | D        | Found a white marble altar of Elyvilon.
    60 | D        | Found a blossoming altar of Fedhas.
    60 | D        | Found an opulent altar of Gozag.
    61 | D        | Found a hazy altar of Hepliaklqana.
    62 | D        | Found a viscous altar of Jiyva.
    63 | D        | Found an ancient bone altar of Kikubaaqudgha.
    64 | D        | Found a corrupted altar of Lugonu.
    65 | D        | Found a burning altar of Makhleb.
    66 | D        | Found a sparkling altar of Nemelex Xobeh.
    67 | D        | Found an iron altar of Okawaru.
    68 | D        | Found a stormy altar of Qazlal.
    69 | D        | Found a sacrificial altar of Ru.
    70 | D        | Became a worshipper of Jiyva Julaxtof the Shapeless
    70 | D        | Reached * piety under Jiyva
    70 | D        | Reached ** piety under Jiyva
    71 | D        | Found a shimmering blue altar of Sif Muna.
    72 | D        | Found a bloodstained altar of Trog.
    73 | D        | Found a hide-covered altar of Uskayaw.
    73 | D        | Killed a great orb of eyes
    74 | D        | Found a radiant altar of Vehumet.
    75 | D        | Found an ornate altar of the Wu Jian Council.
    75 | D        | Killed a two-headed ogre
    75 | D        | Killed a great orb of eyes
    76 | D        | Found a shimmering altar of Xom.
    77 | D        | Found a basalt altar of Yredelemnul.
    78 | D        | Found a glowing silver altar of Zin.
    79 | D        | Found a glowing golden altar of the Shining One.
   103 | D        | Noticed a yak
   103 | D        | Noticed a yak
   103 | D        | Noticed a wyvern
   103 | D        | Noticed a wyvern
   110 | D        | Killed a wyvern
   111 | D        | Reached skill level 8 in Unarmed Combat
   111 | D        | Reached XP level 6. HP: 54/67 MP: 5/5
   113 | D        | Killed a wyvern
   114 | D        | Reached skill level 9 in Unarmed Combat
   118 | D        | Killed a yak
   119 | D        | Reached skill level 10 in Unarmed Combat
   119 | D        | Reached XP level 7. HP: 60/78 MP: 6/6
   123 | D        | Killed a yak
   124 | D        | Reached skill level 11 in Unarmed Combat
   128 | D        | Noticed a death knight
   128 | D        | Noticed a troll
   128 | D        | Noticed a five-headed hydra
   128 | D        | Noticed a white ugly thing
   128 | D        | Noticed a centaur warrior
   133 | D        | Killed a centaur warrior
   134 | D        | Reached skill level 12 in Unarmed Combat
   134 | D        | Reached XP level 8. HP: 47/89 MP: 7/7
   142 | D        | Killed a troll
   143 | D        | Reached skill level 13 in Unarmed Combat
   143 | D        | Killed a white ugly thing
   143 | D        | Killed a five-headed hydra
   144 | D        | Reached skill level 14 in Unarmed Combat
   144 | D        | Reached XP level 9. HP: 75/101 MP: 8/8
   150 | D        | Killed a death knight
   151 | D        | Reached skill level 10 in Fighting
   151 | D        | Reached skill level 10 in Dodging
   151 | D        | Reached skill level 15 in Unarmed Combat
   262 | D        | Noticed a komodo dragon
   262 | D        | Noticed a cane toad
   262 | D        | Noticed a cane toad
   265 | D        | Killed a cane toad
   267 | D        | Killed a cane toad
   268 | D        | Reached XP level 10. HP: 82/111 MP: 9/9
   294 | D        | Reached skill level 16 in Unarmed Combat
   294 | D        | Reached *** piety under Jiyva
   311 | D        | Noticed a black mamba
   311 | D        | Noticed a black mamba
   312 | D        | Noticed a cane toad
   316 | D        | Killed a black mamba
   321 | D        | Noticed a fire crab
   327 | D        | Killed a black mamba
   334 | D        | Killed a cane toad
   341 | D        | Killed a fire crab
   354 | D        | Reached skill level 17 in Unarmed Combat
   382 | D        | Reached XP level 11. HP: 111/124 MP: 10/10
   434 | D        | Noticed Sonja
   467 | D        | HP: 5/124 [Sonja/+2 short sword of venom (7)]
   468 | D        | Slain by Sonja

Illustrated notes

Levels and vault maps discovered:
D:        linesprint [early_d, line_temple, items_1, d_10, items_2, lair_1,
          lair_end, items_3, orc_1, orc_end, items_4, d_15, swamp_1, shoals_1,
          snake_1, spider_1, d_20, vaults_1, items_5, swamp_end, shoals_end,
          snake_end, spider_end, vaults_end, d_27, items_6, zot_1, zot_end,
          crypt_end, forest_end, elf_end, slime_end, tomb_end, abyss_end,
          pan_hell_end]

Skill      XL: |  1  2  3  4  5  6  7  8  9 10 |
---------------+-------------------------------+-----
Fighting       | 4 6 7 8 9 10 12 | 12.5
Dodging        | 4 6 7 8 9 10 12 | 12.5
Stealth        | 2 3 |  3.5
Unarmed Combat | 5 8 10 12 14 15 17 | 17.5

Action                   |  1- 3 |  4- 6 |  7- 9 | 10-12 || total
-------------------------+-------+-------+-------+-------++-------
Melee: Unarmed           |    25 |    30 |    21 |    85 ||   161
       Punch             |     1 |     3 |     5 |     8 ||    17
Evoke: Wand              |       |       |    10 |       ||    10
  Use: Potion            |       |     1 |       |     7 ||     8
 Stab: Invisible         |       |     4 |     4 |       ||     8
       Sleeping          |       |     1 |       |     1 ||     2
Armor: Robe              |     5 |     4 |     2 |     9 ||    20
Dodge: Dodged            |    16 |     8 |     9 |    74 ||   107

Table legend: (Time is in decaauts)
 A = Elapsed time spent in this place.
 B = Non-inter-level travel time spent in this place.
 C = Inter-level travel time spent in this place.
 D = Time resting spent in this place.
 E = Time spent auto-exploring this place.
 F = Levels seen in this place.
 G = Mean time per level.
                   A        B        C        D        E       F      G
               +--------+--------+--------+--------+--------+-----+--------+
         Total |    435 |    435 |      0 |      0 |      0 |   1 |  435.0 |
       Dungeon |    435 |    435 |      0 |      0 |      0 |   1 |  435.0 |
               +--------+--------+--------+--------+--------+-----+--------+

Top non-repeatable levels by time:
       D: 435 daAuts
